AoeStats
← V. Leonghis

Arena

508917051Analyzed
1v1 RM · 9d ago on Sep 24, 2026· 37m 58s· 2 players
Game mode
Random Map
Map size
Tiny (2 player)
Population
200
Speed
Normal
Resources
Standard
Victory
Conquest
Starting age
Dark Age
Ending age
Imperial Age
RankedLock teamsTeams togetherTeam positionsShared explorationLock speedFull tech treeHidden civsTurbo modeCheats
Victory
Defeat
🇹🇷 Khmer · Türkiye
843
+17
🇪🇸 Byzantines · Spain
858
-46
V. Leonghis
9:51 Feudal Age
10:34 Loom
13:33 Castle Age
12:29 Double-Bit Axe
12:26 Horse Collar
14:42 Wheelbarrow
19:58 Bow Saw
22:03 Town Watch
23:59 Heavy Plow
28:41 Imperial Age
29:33 Ballistics
29:48 Double Crossbow
30:36 Conscription
34:05 Chemistry
33:18 Siege Engineers
35:24 Heavy Scorpion
cristian19440
11:23 Feudal Age
12:30 Horse Collar
12:40 Double-Bit Axe
13:16 Gold Mining
19:50 Castle Age
19:43 Stone Mining
20:39 Heavy Plow
21:08 Bow Saw
21:36 Gold Shaft Mining
24:27 Elite Skirmisher
24:44 Pikeman
25:42 Squires
26:10 Loom
28:36 Stone Shaft Mining
31:14 Wheelbarrow
30:33 Arson
30:09 Man-at-Arms
30:35 Gambesons
30:56 Husbandry
30:17 Light Cavalry
34:52 Imperial Age
34:11 Hand Cart
36:33 Heavy Camel Rider
36:43 Cavalier
37:46 Greek Fire
38:22 Hoardings
38:08 Conscription
Connection lost

Rejoining the realm…

Still unreachable

The connection could not be restored.

Session expired

The server has moved on; the page needs a fresh start.